NULL
Full Scoreboard »»

Flyers vs Oilers

Created - November 13, 2023 at 21:51

Goals
1 2 3 T
Flyers 2 0 2 4
Oilers 0 0 2 2
Shots
1 2 3 T
Flyers 19 6 6 31
Oilers 9 12 10 31

GoalsPenalties
1st period
1. Flyers , Evgeni Malkin 1 (Nathan MacKinnon 1) at 0:06
2. Flyers , Evgeni Malkin 2 (Nathan MacKinnon 2) at 14:13
Seth Jones (EDM) for Hooking (Minor) at 15:03
2nd period
No Goal
Conor Sheary (PHI) for High sticking (Minor) at 1:50
Jamie Oleksiak (PHI) for Interference (Minor) at 13:43
3rd period
3. Flyers , Travis Konecny 1 (Nathan MacKinnon 3) at 0:52
4. Flyers , Chris Kreider 2 (Pierre-Luc Dubois 2) at 3:21
5. Oilers , Ryan Reaves 1 (Nicolas Deslauriers 1, Brett Kulak 1) at 8:34
6. Oilers , Aaron Ekblad 2 (Jujhar Khaira 2, Seth Jones 1) at 11:59
Pierre-Luc Dubois (PHI) for Hooking (Minor) at 6:02
Scott Mayfield (PHI) for Holding (Minor) at 9:14
Jake Walman (PHI) for Holding (Minor) at 16:58
Goalie Stats
Carter Hart (PHI), 29 saves from 31 shots - (0.935), W, 1-2-1, 60:00 minutes
Adin Hill (EDM), 27 saves from 31 shots - (0.871), L, 3-1-0, 60:00 minutes
3 StarsOfficial
1 - Evgeni Malkin (PHI)
2 - Nathan MacKinnon (PHI)
3 - Travis Konecny (PHI)
Referees : Unknown
Linesman : Unknown
Game Note
No Game Note



Team Name Goals Shots Shots Attemp Shots Blocked PIM HIT PP PK FO%
Flyers 431621210190 / 1 (0%)062%
Oilers 23169152310 / 5 (0%)038%

Flyers
Player Name POS G A P +/- PIM HIT SHT SB MP PP MP PP SHT PK MP PK SHT FO% FOT GA TA
Chris KreiderC/LW/RW101-1018016:461:0011:0500% 012
Conor ShearyLW/RW0000230016:200:5900:2700% 021
Craig SmithC/LW/RW000000117:210:0000:0000% 000
Emil BemstromC/LW/RW0000000011:280:0003:56050% 1000
Eric RobinsonLW/RW000001006:480:0000:0000% 000
Evgeni MalkinC/LW/RW2023003015:401:0000:000100% 200
Evgenii DadonovLW/RW000-1031016:250:0004:3400% 001
Hampus LindholmD000-1002224:311:0204:3510% 001
J.T. CompherC/LW/RW0000002015:360:0004:54050% 810
Jake WalmanD0000201120:430:5704:1500% 000
Jamie OleksiakD0003212220:350:5704:3500% 013
Jordan MartinookC/LW0000003215:530:0004:5400% 110
Justin HollD0001011119:520:0004:3300% 001
Nathan MacKinnonC/LW/RW0333012015:401:0000:00075% 1600
Pierre-Luc DuboisC/LW/RW0110243015:170:5900:00061% 2300
Ryan SuterD0001011119:031:0200:2600% 002
Scott MayfieldD000-1200016:210:0001:2600% 000
Travis KonecnyLW/RW1013031215:410:5900:0000% 010
Oilers
Player Name POS G A P +/- PIM HIT SHT SB MP PP MP PP SHT PK MP PK SHT FO% FOT GA TA
Aaron EkbladD1011042223:364:4301:1500% 011
Brayden YagerC000-1012014:410:3800:00035% 1720
Brett KulakD011-1023116:100:4701:1500% 000
Bryan RustC/RW000-2033320:054:1000:59031% 1300
Dakota JoshuaC000100006:420:1200:00033% 300
Jason DickinsonC/LW000-2020018:214:0601:0000% 311
Jujhar KhairaC/LW/RW011-1021115:130:5200:1800% 100
Kailer YamamotoRW000-2012020:024:0700:5900% 030
Matthew WoodRW0000026017:524:5600:00033% 320
Mattias SamuelssonD000-1031214:390:4700:0000% 001
Nate DanielsonC0000014118:124:5610:42053% 1901
Nicolas DeslauriersLW/RW011102106:480:1500:0000% 010
Oskar SundqvistC/RW000-1021014:390:3700:0000% 002
Ryan McDonaghD000-2000221:494:2500:4400% 000
Ryan McLeodC/LW0000031017:304:5600:000100% 111
Ryan ReavesRW101100116:150:0000:0000% 000
Samuel GirardD000-2010121:494:2500:4400% 000
Seth JonesD0111223123:374:4300:0000% 000

Flyers

5 vs 5 Forward
Line #Left WingCenterRight WingPHYDFOFWanted %Time %Time Play
1Evgeni MalkinNathan MacKinnonTravis Konecny1223331%14:57
2Chris KreiderPierre-Luc DuboisConor Sheary1223333%15:40
3Jordan MartinookJ.T. CompherEvgenii Dadonov1222422%10:42
4Craig SmithEmil BemstromEric Robinson1221014%6:47
5 vs 5 Defense
Line #DefenseDefensePHYDFOFWanted %Time %Time Play
1Hampus LindholmRyan Suter1223537%17:40
2Jamie OleksiakJustin Holl1223535%16:42
3Jake WalmanScott Mayfield1223029%13:44
4Hampus LindholmRyan Suter12200%0:00
Power Play Forward
Line #Left WingCenterRight WingPHYDFOFWanted %Time %Time Play
1Evgeni MalkinNathan MacKinnonChris Kreider1226050%1:00
2Travis KonecnyPierre-Luc DuboisConor Sheary1224050%0:59
Power Play Defense
Line #DefenseDefensePHYDFOFWanted %Time %Time Play
1Hampus LindholmRyan Suter1225052%1:02
2Jake WalmanJamie Oleksiak1225048%0:57
Penalty Kill 4 Players Forward
Line #CenterWingPHYDFOFWanted %Time %Time Play
1J.T. CompherJordan Martinook1225051%5:01
2Emil BemstromEvgenii Dadonov1225049%4:54
Penalty Kill 4 Players Defense
Line #DefenseDefensePHYDFOFWanted %Time %Time Play
1Jake WalmanJamie Oleksiak1225057%5:41
2Hampus LindholmJustin Holl1225043%4:14
Penalty Kill 3 Players
Line #WingPHYDFOFWanted %Time %Time PlayDefenseDefensePHYDFOFWanted %Time %Time Play
1Nathan MacKinnon122500%0:00 Hampus LindholmRyan Suter122500%0:00
2Evgeni Malkin122500%0:00 Jamie OleksiakJustin Holl122500%0:00
4 vs 4 Forward
Line #CenterWingPHYDFOFWanted %Time %Time Play
1Nathan MacKinnonEvgeni Malkin122500%0:00
2Pierre-Luc DuboisChris Kreider122500%0:00
4 vs 4 Defense
Line #DefensePHYDFOFWanted %Time %Time Play
1Hampus LindholmRyan Suter122500%0:00
2Jamie OleksiakJustin Holl122500%0:00
Last Minutes Offensive
Left WingCenterRight WingDefenseDefense
Evgeni MalkinNathan MacKinnonChris KreiderHampus LindholmRyan Suter
Last Minutes Defensive
Left WingCenterRight WingDefenseDefense
Jordan MartinookJ.T. CompherNathan MacKinnonHampus LindholmJake Walman
Time
Total ForwardTotal DefenseLast Minutes OffensiveLast Minutes Defensive
60:00 60:00 0:000:00
Extra Forwards
Normal PowerPlayPenalty Kill
Conor Sheary, Jordan Martinook, Evgenii DadonovConor Sheary, Jordan MartinookEvgenii Dadonov
Extra Defensemen
Normal PowerPlayPenalty Kill
Jake Walman, Scott Mayfield, Jamie OleksiakJake Walman, Scott MayfieldJamie Oleksiak
Penalty Shots
Nathan MacKinnon, Pierre-Luc Dubois, Travis Konecny, J.T. Compher, Evgeni Malkin
Goalie
Carter Hart, Laurent Brossoit
Custom OT Lines Forwards
Nathan MacKinnon, Evgeni Malkin, Chris Kreider, Pierre-Luc Dubois, Travis Konecny, J.T. Compher, Conor Sheary, Jordan Martinook, Evgenii Dadonov, Emil Bemstrom
Custom OT Lines Defensemen
Hampus Lindholm, Ryan Suter, Jamie Oleksiak, Justin Holl, Jake Walman
Scratches
Alexander Rykov (Healthy), Erik Gudbranson (Healthy)

Oilers

5 vs 5 Forward
Line #Left WingCenterRight WingPHYDFOFWanted %Time %Time Play
1Jason DickinsonBryan RustKailer Yamamoto1223033%15:44
2Ryan McLeodNate DanielsonMatthew Wood1223027%12:52
3Jujhar KhairaBrayden YagerOskar Sundqvist1223028%13:15
4Nicolas DeslauriersDakota JoshuaRyan Reaves1221013%6:15
5 vs 5 Defense
Line #DefenseDefensePHYDFOFWanted %Time %Time Play
1Seth JonesAaron Ekblad1223029%14:01
2Samuel GirardRyan McDonagh1223035%16:40
3Mattias SamuelssonBrett Kulak1223029%13:48
4Seth JonesAaron Ekblad122108%3:37
Power Play Forward
Line #Left WingCenterRight WingPHYDFOFWanted %Time %Time Play
1Jason DickinsonBryan RustKailer Yamamoto1225044%4:22
2Ryan McLeodNate DanielsonMatthew Wood1225056%5:33
Power Play Defense
Line #DefenseDefensePHYDFOFWanted %Time %Time Play
1Seth JonesAaron Ekblad1225048%4:43
2Samuel GirardRyan McDonagh1225052%5:12
Penalty Kill 4 Players Forward
Line #CenterWingPHYDFOFWanted %Time %Time Play
1Bryan RustKailer Yamamoto1225050%0:59
2Jason DickinsonNate Danielson1225050%1:00
Penalty Kill 4 Players Defense
Line #DefenseDefensePHYDFOFWanted %Time %Time Play
1Seth JonesAaron Ekblad1225063%1:15
2Samuel GirardRyan McDonagh1225037%0:44
Penalty Kill 3 Players
Line #WingPHYDFOFWanted %Time %Time PlayDefenseDefensePHYDFOFWanted %Time %Time Play
1Bryan Rust122500%0:00 Seth JonesAaron Ekblad122500%0:00
2Kailer Yamamoto122500%0:00 Samuel GirardRyan McDonagh122500%0:00
4 vs 4 Forward
Line #CenterWingPHYDFOFWanted %Time %Time Play
1Bryan RustKailer Yamamoto122500%0:00
2Jason DickinsonNate Danielson122500%0:00
4 vs 4 Defense
Line #DefensePHYDFOFWanted %Time %Time Play
1Seth JonesAaron Ekblad122500%0:00
2Samuel GirardRyan McDonagh122500%0:00
Last Minutes Offensive
Left WingCenterRight WingDefenseDefense
Jason DickinsonBryan RustKailer YamamotoSeth JonesAaron Ekblad
Last Minutes Defensive
Left WingCenterRight WingDefenseDefense
Jason DickinsonBryan RustKailer YamamotoSeth JonesAaron Ekblad
Time
Total ForwardTotal DefenseLast Minutes OffensiveLast Minutes Defensive
60:00 60:00 0:000:00
Extra Forwards
Normal PowerPlayPenalty Kill
Brayden Yager, Oskar Sundqvist, Jujhar KhairaBrayden Yager, Oskar SundqvistJujhar Khaira
Extra Defensemen
Normal PowerPlayPenalty Kill
Mattias Samuelsson, Brett Kulak, Samuel GirardMattias Samuelsson, Brett KulakSamuel Girard
Penalty Shots
Bryan Rust, Kailer Yamamoto, Jason Dickinson, Nate Danielson, Matthew Wood
Goalie
Adin Hill, Brian Elliott
Custom OT Lines Forwards
Bryan Rust, Kailer Yamamoto, Jason Dickinson, Nate Danielson, Matthew Wood, Brayden Yager, Ryan McLeod, Oskar Sundqvist, Jujhar Khaira, Nicolas Deslauriers
Custom OT Lines Defensemen
Seth Jones, Aaron Ekblad, Samuel Girard, Ryan McDonagh, Mattias Samuelsson
Scratches
Cameron York (Healthy), Michael Eyssimont (Healthy), Alex Nedeljkovic (Healthy), Elvis Merzlikins (Healthy)


Play-by-Play

1st period


0:01 of 1st period - Nathan MacKinnon wins face-off versus Jason Dickinson in neutral zone.
0:06 of 1st period - Snap shot by Evgeni Malkin.
0:06 of 1st period - Goal by Evgeni Malkin - Flyers : 1 - Oilers : 0.
0:07 of 1st period - Pierre-Luc Dubois wins face-off versus Nate Danielson in neutral zone.
1:41 of 1st period - Nate Danielson is hit by Conor Sheary and loses puck.
1:46 of 1st period - Slapshot by Pierre-Luc Dubois.
1:46 of 1st period - Shot Blocked by Nate Danielson.
1:48 of 1st period - Slapshot by Jamie Oleksiak.
1:48 of 1st period - Stopped by Adin Hill with a rebound.
1:50 of 1st period - Snap shot by Jamie Oleksiak.
1:50 of 1st period - Shot Blocked by Brett Kulak.
2:08 of 1st period - Snap shot by J.T. Compher.
2:08 of 1st period - Stopped by Adin Hill without a rebound.
2:09 of 1st period - J.T. Compher wins face-off versus Brayden Yager in Oilers zone.
2:34 of 1st period - Slapshot by Nathan MacKinnon.
2:34 of 1st period - Stopped by Adin Hill with a rebound.
2:53 of 1st period - Off-side.
2:54 of 1st period - Pierre-Luc Dubois wins face-off versus Dakota Joshua in neutral zone.
3:01 of 1st period - Slapshot by Chris Kreider.
3:01 of 1st period - Stopped by Adin Hill with a rebound.
3:03 of 1st period - Slapshot by Justin Holl.
3:03 of 1st period - Stopped by Adin Hill with a rebound.
3:05 of 1st period - Slapshot by Jamie Oleksiak.
3:05 of 1st period - Stopped by Adin Hill with a rebound.
3:07 of 1st period - Snap shot by Chris Kreider.
3:07 of 1st period - Shot Misses the Net.
3:09 of 1st period - Wrist shot by Pierre-Luc Dubois.
3:09 of 1st period - Stopped by Adin Hill with a rebound.
3:24 of 1st period - Slapshot by Aaron Ekblad.
3:24 of 1st period - Shot Blocked by Jamie Oleksiak.
3:26 of 1st period - Slapshot by Aaron Ekblad.
3:26 of 1st period - Stopped by Carter Hart without a rebound.
3:27 of 1st period - Evgeni Malkin wins face-off versus Brayden Yager in Flyers zone.
4:24 of 1st period - Snap shot by Emil Bemstrom.
4:24 of 1st period - Shot Hit the Post.
4:26 of 1st period - Slapshot by Scott Mayfield.
4:26 of 1st period - Deflect By Emil Bemstrom.
4:26 of 1st period - Shot Blocked by Mattias Samuelsson.
4:26 of 1st period - Puck is out of play.
4:27 of 1st period - Nathan MacKinnon wins face-off versus Brayden Yager in Oilers zone.
5:23 of 1st period - Wrist shot by Pierre-Luc Dubois.
5:23 of 1st period - Shot Blocked by Ryan Reaves.
5:37 of 1st period - Wrist shot by Nate Danielson.
5:37 of 1st period - Stopped by Carter Hart without a rebound.
5:38 of 1st period - Nate Danielson wins face-off versus Emil Bemstrom in Flyers zone.
5:59 of 1st period - Slapshot by Hampus Lindholm.
5:59 of 1st period - Shot Blocked by Ryan McDonagh.
6:01 of 1st period - Snap shot by Hampus Lindholm.
6:01 of 1st period - Stopped by Adin Hill without a rebound.
6:02 of 1st period - Brayden Yager wins face-off versus Nathan MacKinnon in Oilers zone.
6:15 of 1st period - Slapshot by Seth Jones.
6:15 of 1st period - Shot Misses the Net.
6:29 of 1st period - Chris Kreider is hit by Ryan McLeod and loses puck.
7:02 of 1st period - Snap shot by Kailer Yamamoto.
7:02 of 1st period - Stopped by Carter Hart with a rebound.
7:16 of 1st period - Snap shot by Jordan Martinook.
7:16 of 1st period - Stopped by Adin Hill without a rebound.
7:17 of 1st period - J.T. Compher wins face-off versus Brayden Yager in Oilers zone.
7:49 of 1st period - Chris Kreider is hit by Brayden Yager and loses puck.
8:31 of 1st period - Slapshot by Matthew Wood.
8:31 of 1st period - Stopped by Carter Hart without a rebound.
8:32 of 1st period - Nate Danielson wins face-off versus Pierre-Luc Dubois in Flyers zone.
8:41 of 1st period - Slapshot by Matthew Wood.
8:41 of 1st period - Stopped by Carter Hart without a rebound.
8:42 of 1st period - Pierre-Luc Dubois wins face-off versus Bryan Rust in Flyers zone.
8:53 of 1st period - Kailer Yamamoto is hit by Pierre-Luc Dubois and loses puck.
10:53 of 1st period - Wrist shot by Pierre-Luc Dubois.
10:53 of 1st period - Shot Blocked by Jujhar Khaira.
11:00 of 1st period - Off-side.
11:01 of 1st period - Emil Bemstrom wins face-off versus Bryan Rust in neutral zone.
11:26 of 1st period - Samuel Girard is hit by Travis Konecny and loses puck.
11:54 of 1st period - Jake Walman is hit by Ryan McLeod and loses puck.
12:58 of 1st period - Snap shot by Jordan Martinook.
12:58 of 1st period - Stopped by Adin Hill with a rebound.
13:00 of 1st period - Slapshot by Jordan Martinook.
13:00 of 1st period - Deflect By Bryan Rust.
13:00 of 1st period - Stopped by Adin Hill without a rebound.
13:01 of 1st period - Nathan MacKinnon wins face-off versus Brayden Yager in Oilers zone.
13:28 of 1st period - Hampus Lindholm is hit by Mattias Samuelsson and loses puck.
13:35 of 1st period - Slapshot by Chris Kreider.
13:35 of 1st period - Stopped by Adin Hill without a rebound.
13:36 of 1st period - Pierre-Luc Dubois wins face-off versus Nate Danielson in Oilers zone.
13:37 of 1st period - Slapshot by Chris Kreider.
13:37 of 1st period - Stopped by Adin Hill with a rebound.
13:41 of 1st period - Wrist shot by Chris Kreider.
13:41 of 1st period - Stopped by Adin Hill without a rebound.
13:42 of 1st period - Nate Danielson wins face-off versus Pierre-Luc Dubois in Oilers zone.
14:13 of 1st period - Wrist shot by Nathan MacKinnon.
14:13 of 1st period - Deflect By Evgeni Malkin.
14:13 of 1st period - Goal by Evgeni Malkin - Flyers : 2 - Oilers : 0.
14:14 of 1st period - Brayden Yager wins face-off versus Nathan MacKinnon in neutral zone.
14:27 of 1st period - Slapshot by Evgeni Malkin.
14:27 of 1st period - Stopped by Adin Hill with a rebound.
14:41 of 1st period - Pierre-Luc Dubois is hit by Matthew Wood and loses puck.
14:47 of 1st period - Off-side.
14:48 of 1st period - Pierre-Luc Dubois wins face-off versus Bryan Rust in neutral zone.
14:59 of 1st period - Slapshot by Chris Kreider.
14:59 of 1st period - Stopped by Adin Hill without a rebound.
15:00 of 1st period - Nate Danielson wins face-off versus Nathan MacKinnon in Oilers zone.
15:00 of 1st period - Matthew Wood is hit by Travis Konecny and loses puck.
15:03 of 1st period - Minor Penalty to Seth Jones for Hooking.
15:04 of 1st period - Nathan MacKinnon wins face-off versus Bryan Rust in Oilers zone.
15:08 of 1st period - Slapshot by Ryan Suter.
15:08 of 1st period - Shot Blocked by Bryan Rust.
15:10 of 1st period - Snap shot by Nathan MacKinnon.
15:10 of 1st period - Shot Misses the Net.
15:20 of 1st period - Slapshot by Chris Kreider.
15:20 of 1st period - Stopped by Adin Hill with a rebound.
17:03 of 1st period - Penalty to Seth Jones is over, Seth Jones is back on ice.
18:17 of 1st period - Wrist shot by Seth Jones.
18:17 of 1st period - Stopped by Carter Hart with a rebound.
18:19 of 1st period - Snap shot by Seth Jones.
18:19 of 1st period - Stopped by Carter Hart with a rebound.
18:37 of 1st period - Snap shot by Bryan Rust.
18:37 of 1st period - Shot Blocked by Jordan Martinook.
18:39 of 1st period - Backhand shot by Samuel Girard.
18:39 of 1st period - Deflect By Bryan Rust.
18:39 of 1st period - Stopped by Carter Hart with a rebound.
18:41 of 1st period - Wrist shot by Seth Jones.
18:41 of 1st period - Shot Misses the Net.
18:43 of 1st period - Slapshot by Kailer Yamamoto.
18:43 of 1st period - Stopped by Carter Hart without a rebound.
18:44 of 1st period - Nathan MacKinnon wins face-off versus Nate Danielson in Flyers zone.
18:44 of 1st period - Nathan MacKinnon is hit by Nate Danielson.
19:14 of 1st period - Snap shot by Brayden Yager.
19:14 of 1st period - Shot Misses the Net.
19:19 of 1st period - Off-side.
19:20 of 1st period - Nathan MacKinnon wins face-off versus Nate Danielson in neutral zone.
19:27 of 1st period - Evgeni Malkin is hit by Brett Kulak and loses puck.
19:47 of 1st period - Snap shot by Emil Bemstrom.
19:47 of 1st period - Shot Misses the Net.
19:53 of 1st period - Scott Mayfield is hit by Matthew Wood and loses puck.
19:58 of 1st period - Slapshot by Nate Danielson.
19:58 of 1st period - Shot Blocked by Craig Smith.
Goals for this period are 2 for Flyers vs 0 for Oilers.
Shots for this period are 19 for Flyers vs 9 for Oilers.

2nd period


0:01 of 2nd period - Pierre-Luc Dubois wins face-off versus Brayden Yager in neutral zone.
0:08 of 2nd period - Slapshot by Chris Kreider.
0:08 of 2nd period - Shot Misses the Net.
0:10 of 2nd period - Slapshot by Conor Sheary.
0:10 of 2nd period - Shot Misses the Net.
0:12 of 2nd period - Slapshot by Ryan Suter.
0:12 of 2nd period - Shot Misses the Net.
0:14 of 2nd period - Snap shot by Pierre-Luc Dubois.
0:14 of 2nd period - Stopped by Adin Hill with a rebound.
0:26 of 2nd period - Hampus Lindholm is hit by Aaron Ekblad and loses puck.
0:35 of 2nd period - Snap shot by Nate Danielson.
0:35 of 2nd period - Stopped by Carter Hart without a rebound.
0:36 of 2nd period - Nate Danielson wins face-off versus Pierre-Luc Dubois in Flyers zone.
0:37 of 2nd period - Snap shot by Matthew Wood.
0:37 of 2nd period - Stopped by Carter Hart with a rebound.
0:39 of 2nd period - Wrist shot by Matthew Wood.
0:39 of 2nd period - Shot Misses the Net.
0:41 of 2nd period - Snap shot by Nate Danielson.
0:41 of 2nd period - Shot Misses the Net.
1:05 of 2nd period - Snap shot by Oskar Sundqvist.
1:05 of 2nd period - Stopped by Carter Hart without a rebound.
1:06 of 2nd period - Nathan MacKinnon wins face-off versus Brayden Yager in Flyers zone.
1:32 of 2nd period - Evgeni Malkin is hit by Jason Dickinson and loses puck.
1:39 of 2nd period - Wrist shot by Bryan Rust.
1:39 of 2nd period - Stopped by Carter Hart without a rebound.
1:40 of 2nd period - Pierre-Luc Dubois wins face-off versus Nate Danielson in Flyers zone.
1:45 of 2nd period - Wrist shot by Matthew Wood.
1:45 of 2nd period - Shot Misses the Net.
1:50 of 2nd period - Minor Penalty to Conor Sheary for High sticking.
1:51 of 2nd period - J.T. Compher wins face-off versus Bryan Rust in Flyers zone.
1:51 of 2nd period - J.T. Compher is hit by Seth Jones.
2:20 of 2nd period - Snap shot by Nate Danielson.
2:20 of 2nd period - Stopped by Carter Hart without a rebound.
2:21 of 2nd period - Nate Danielson wins face-off versus Emil Bemstrom in Flyers zone.
2:34 of 2nd period - Wrist shot by Nate Danielson.
2:34 of 2nd period - Shot Misses the Net.
2:36 of 2nd period - Slapshot by Ryan McDonagh.
2:36 of 2nd period - Shot Misses the Net.
2:48 of 2nd period - Hampus Lindholm is hit by Samuel Girard.
3:50 of 2nd period - Penalty to Conor Sheary is over, Conor Sheary is back on ice.
4:11 of 2nd period - Justin Holl is hit by Oskar Sundqvist and loses puck.
4:24 of 2nd period - Backhand shot by Nathan MacKinnon.
4:24 of 2nd period - Shot Misses the Net.
4:43 of 2nd period - Off-side.
4:44 of 2nd period - Pierre-Luc Dubois wins face-off versus Bryan Rust in neutral zone.
4:47 of 2nd period - Wrist shot by Chris Kreider.
4:47 of 2nd period - Stopped by Adin Hill with a rebound.
4:49 of 2nd period - Slapshot by Jake Walman.
4:49 of 2nd period - Stopped by Adin Hill with a rebound.
4:53 of 2nd period - Backhand shot by Pierre-Luc Dubois.
4:53 of 2nd period - Shot Blocked by Bryan Rust.
4:55 of 2nd period - Wrist shot by Scott Mayfield.
4:55 of 2nd period - Shot Blocked by Aaron Ekblad.
5:38 of 2nd period - Icing by Jake Walman.
5:39 of 2nd period - Emil Bemstrom wins face-off versus Matthew Wood in Flyers zone.
6:20 of 2nd period - Icing by Scott Mayfield.
6:21 of 2nd period - Nathan MacKinnon wins face-off versus Dakota Joshua in Flyers zone.
6:28 of 2nd period - Seth Jones is hit by Pierre-Luc Dubois.
6:36 of 2nd period - Wrist shot by Chris Kreider.
6:36 of 2nd period - Shot Blocked by Aaron Ekblad.
6:48 of 2nd period - Snap shot by Nate Danielson.
6:48 of 2nd period - Shot Misses the Net.
7:17 of 2nd period - Snap shot by Brayden Yager.
7:17 of 2nd period - Shot Blocked by Ryan Suter.
7:19 of 2nd period - Snap shot by Brayden Yager.
7:19 of 2nd period - Shot Misses the Net.
7:21 of 2nd period - Wrist shot by Jujhar Khaira.
7:21 of 2nd period - Shot Misses the Net.
7:31 of 2nd period - Conor Sheary is hit by Bryan Rust and loses puck.
8:09 of 2nd period - Icing by Samuel Girard.
8:10 of 2nd period - Dakota Joshua wins face-off versus J.T. Compher in Oilers zone.
9:03 of 2nd period - Snap shot by Bryan Rust.
9:03 of 2nd period - Stopped by Carter Hart without a rebound.
9:04 of 2nd period - Matthew Wood wins face-off versus Nathan MacKinnon in Flyers zone.
9:13 of 2nd period - Slapshot by Matthew Wood.
9:13 of 2nd period - Stopped by Carter Hart with a rebound.
9:25 of 2nd period - Travis Konecny is hit by Ryan McLeod and loses puck.
9:40 of 2nd period - Snap shot by Pierre-Luc Dubois.
9:40 of 2nd period - Stopped by Adin Hill without a rebound.
9:41 of 2nd period - Pierre-Luc Dubois wins face-off versus Brayden Yager in Oilers zone.
9:42 of 2nd period - Wrist shot by Chris Kreider.
9:42 of 2nd period - Shot Misses the Net.
10:29 of 2nd period - Bryan Rust is hit by Travis Konecny and loses puck.
11:10 of 2nd period - Slapshot by Brett Kulak.
11:10 of 2nd period - Shot Misses the Net.
11:12 of 2nd period - Slapshot by Brett Kulak.
11:12 of 2nd period - Stopped by Carter Hart without a rebound.
11:13 of 2nd period - Emil Bemstrom wins face-off versus Brayden Yager in Flyers zone.
11:13 of 2nd period - Emil Bemstrom is hit by Jujhar Khaira.
11:23 of 2nd period - Slapshot by Brayden Yager.
11:23 of 2nd period - Stopped by Carter Hart without a rebound.
11:24 of 2nd period - Bryan Rust wins face-off versus Pierre-Luc Dubois in Flyers zone.
11:34 of 2nd period - Off-side.
11:35 of 2nd period - Nathan MacKinnon wins face-off versus Matthew Wood in neutral zone.
11:46 of 2nd period - Wrist shot by Seth Jones.
11:46 of 2nd period - Shot Blocked by Travis Konecny.
11:48 of 2nd period - Snap shot by Matthew Wood.
11:48 of 2nd period - Stopped by Carter Hart with a rebound.
11:50 of 2nd period - Wrist shot by Matthew Wood.
11:50 of 2nd period - Shot Blocked by Hampus Lindholm.
12:40 of 2nd period - Wrist shot by Nathan MacKinnon.
12:40 of 2nd period - Shot Misses the Net.
12:42 of 2nd period - Slapshot by Nathan MacKinnon.
12:42 of 2nd period - Shot Blocked by Seth Jones.
12:58 of 2nd period - Slapshot by Aaron Ekblad.
12:58 of 2nd period - Deflect By Kailer Yamamoto.
12:58 of 2nd period - Shot Misses the Net.
12:58 of 2nd period - Puck is out of play.
12:59 of 2nd period - Brayden Yager wins face-off versus Pierre-Luc Dubois in Flyers zone.
13:04 of 2nd period - Snap shot by Brayden Yager.
13:04 of 2nd period - Stopped by Carter Hart with a rebound.
13:06 of 2nd period - Wrist shot by Jujhar Khaira.
13:06 of 2nd period - Stopped by Carter Hart with a rebound.
13:08 of 2nd period - Wrist shot by Samuel Girard.
13:08 of 2nd period - Shot Blocked by Jamie Oleksiak.
13:21 of 2nd period - Icing by Jamie Oleksiak.
13:22 of 2nd period - Nate Danielson wins face-off versus J.T. Compher in Flyers zone.
13:43 of 2nd period - Minor Penalty to Jamie Oleksiak for Interference.
13:44 of 2nd period - Nate Danielson wins face-off versus Emil Bemstrom in Flyers zone.
15:43 of 2nd period - Penalty to Jamie Oleksiak is over, Jamie Oleksiak is back on ice.
15:53 of 2nd period - Ryan Suter is hit by Nicolas Deslauriers and loses puck.
16:12 of 2nd period - Oskar Sundqvist is hit by Conor Sheary and loses puck.
16:29 of 2nd period - Brett Kulak is hit by Justin Holl and loses puck.
16:57 of 2nd period - Samuel Girard is hit by Pierre-Luc Dubois.
17:01 of 2nd period - Bryan Rust is hit by Conor Sheary.
17:19 of 2nd period - Oskar Sundqvist is hit by Evgenii Dadonov and loses puck.
17:54 of 2nd period - Slapshot by Ryan Suter.
17:54 of 2nd period - Shot Blocked by Mattias Samuelsson.
17:56 of 2nd period - Snap shot by Craig Smith.
17:56 of 2nd period - Shot Misses the Net.
17:58 of 2nd period - Wrist shot by Craig Smith.
17:58 of 2nd period - Stopped by Adin Hill without a rebound.
17:59 of 2nd period - Bryan Rust wins face-off versus Emil Bemstrom in Oilers zone.
18:24 of 2nd period - Matthew Wood is hit by Evgenii Dadonov and loses puck.
18:35 of 2nd period - Slapshot by Evgenii Dadonov.
18:35 of 2nd period - Stopped by Adin Hill without a rebound.
18:36 of 2nd period - Pierre-Luc Dubois wins face-off versus Jujhar Khaira in Oilers zone.
18:45 of 2nd period - Wrist shot by Chris Kreider.
18:45 of 2nd period - Shot Misses the Net.
19:54 of 2nd period - Wrist shot by Oskar Sundqvist.
19:54 of 2nd period - Shot Misses the Net.
Goals for this period are 0 for Flyers vs 0 for Oilers.
Shots for this period are 6 for Flyers vs 12 for Oilers.

3rd period


0:01 of 3rd period - Nate Danielson wins face-off versus Pierre-Luc Dubois in neutral zone.
0:08 of 3rd period - Snap shot by Nate Danielson.
0:08 of 3rd period - Stopped by Carter Hart without a rebound.
0:09 of 3rd period - Pierre-Luc Dubois wins face-off versus Nate Danielson in Flyers zone.
0:09 of 3rd period - Pierre-Luc Dubois is hit by Seth Jones.
0:40 of 3rd period - Slapshot by Matthew Wood.
0:40 of 3rd period - Stopped by Carter Hart without a rebound.
0:41 of 3rd period - Nathan MacKinnon wins face-off versus Brayden Yager in Flyers zone.
0:46 of 3rd period - Slapshot by Nathan MacKinnon.
0:46 of 3rd period - Stopped by Adin Hill with a rebound.
0:50 of 3rd period - Slapshot by Travis Konecny.
0:50 of 3rd period - Shot Blocked by Ryan McDonagh.
0:52 of 3rd period - Snap shot by Travis Konecny.
0:52 of 3rd period - Goal by Travis Konecny - Flyers : 3 - Oilers : 0.
0:53 of 3rd period - Pierre-Luc Dubois wins face-off versus Brayden Yager in neutral zone.
1:14 of 3rd period - Brayden Yager is hit by Chris Kreider and loses puck.
2:06 of 3rd period - Dakota Joshua is hit by Eric Robinson and loses puck.
2:15 of 3rd period - Snap shot by Seth Jones.
2:15 of 3rd period - Shot Misses the Net.
3:00 of 3rd period - Evgenii Dadonov is hit by Mattias Samuelsson and loses puck.
3:05 of 3rd period - Wrist shot by Nate Danielson.
3:05 of 3rd period - Shot Blocked by Jake Walman.
3:07 of 3rd period - Wrist shot by Nate Danielson.
3:07 of 3rd period - Shot Blocked by Jordan Martinook.
3:09 of 3rd period - Slapshot by Mattias Samuelsson.
3:09 of 3rd period - Stopped by Carter Hart without a rebound.
3:10 of 3rd period - Bryan Rust wins face-off versus Pierre-Luc Dubois in Flyers zone.
3:17 of 3rd period - Wrist shot by Pierre-Luc Dubois.
3:17 of 3rd period - Shot Blocked by Bryan Rust.
3:19 of 3rd period - Slapshot by Justin Holl.
3:19 of 3rd period - Deflect By Chris Kreider.
3:19 of 3rd period - Shot Misses the Net.
3:19 of 3rd period - Puck is out of play.
3:20 of 3rd period - Pierre-Luc Dubois wins face-off versus Jason Dickinson in Oilers zone.
3:21 of 3rd period - Snap shot by Chris Kreider.
3:21 of 3rd period - Goal by Chris Kreider - Flyers : 4 - Oilers : 0.
3:22 of 3rd period - Brayden Yager wins face-off versus Pierre-Luc Dubois in neutral zone.
4:14 of 3rd period - Jamie Oleksiak is hit by Jujhar Khaira and loses puck.
4:19 of 3rd period - Snap shot by Brayden Yager.
4:19 of 3rd period - Shot Blocked by Travis Konecny.
4:21 of 3rd period - Slapshot by Brett Kulak.
4:21 of 3rd period - Stopped by Carter Hart without a rebound.
4:22 of 3rd period - Pierre-Luc Dubois wins face-off versus Jason Dickinson in Flyers zone.
4:22 of 3rd period - Pierre-Luc Dubois is hit by Mattias Samuelsson.
5:16 of 3rd period - Slapshot by Brett Kulak.
5:16 of 3rd period - Stopped by Carter Hart with a rebound.
5:18 of 3rd period - Slapshot by Mattias Samuelsson.
5:18 of 3rd period - Shot Misses the Net.
5:20 of 3rd period - Wrist shot by Dakota Joshua.
5:20 of 3rd period - Shot Misses the Net.
5:22 of 3rd period - Snap shot by Ryan Reaves.
5:22 of 3rd period - Shot Misses the Net.
6:02 of 3rd period - Minor Penalty to Pierre-Luc Dubois for Hooking.
6:03 of 3rd period - Emil Bemstrom wins face-off versus Nate Danielson in Flyers zone.
6:28 of 3rd period - Bryan Rust is hit by Evgenii Dadonov and loses puck.
7:05 of 3rd period - Evgenii Dadonov is hit by Aaron Ekblad and loses puck.
7:39 of 3rd period - Jordan Martinook is hit by Jason Dickinson and loses puck.
8:02 of 3rd period - Penalty to Pierre-Luc Dubois is over, Pierre-Luc Dubois is back on ice.
8:30 of 3rd period - Slapshot by Nicolas Deslauriers.
8:30 of 3rd period - Shot Misses the Net.
8:32 of 3rd period - Wrist shot by Ryan Reaves.
8:32 of 3rd period - Shot Misses the Net.
8:34 of 3rd period - Snap shot by Ryan Reaves.
8:34 of 3rd period - Goal by Ryan Reaves - Flyers : 4 - Oilers : 1.
8:35 of 3rd period - Evgeni Malkin wins face-off versus Bryan Rust in neutral zone.
8:39 of 3rd period - Off-side.
8:40 of 3rd period - Nathan MacKinnon wins face-off versus Bryan Rust in neutral zone.
9:14 of 3rd period - Minor Penalty to Scott Mayfield for Holding.
9:15 of 3rd period - Emil Bemstrom wins face-off versus Nate Danielson in Flyers zone.
9:19 of 3rd period - Slapshot by Justin Holl.
9:19 of 3rd period - Shot Misses the Net.
9:21 of 3rd period - Snap shot by Hampus Lindholm.
9:21 of 3rd period - Stopped by Adin Hill without a rebound.
9:22 of 3rd period - Ryan McLeod wins face-off versus Emil Bemstrom in Oilers zone.
10:36 of 3rd period - Jordan Martinook is hit by Bryan Rust.
11:14 of 3rd period - Penalty to Scott Mayfield is over, Scott Mayfield is back on ice.
11:18 of 3rd period - Snap shot by Chris Kreider.
11:18 of 3rd period - Shot Misses the Net.
11:48 of 3rd period - Scott Mayfield is hit by Brett Kulak and loses puck.
11:53 of 3rd period - Wrist shot by Brayden Yager.
11:53 of 3rd period - Shot Misses the Net.
11:55 of 3rd period - Slapshot by Seth Jones.
11:55 of 3rd period - Shot Misses the Net.
11:57 of 3rd period - Wrist shot by Jujhar Khaira.
11:57 of 3rd period - Shot Misses the Net.
11:59 of 3rd period - Wrist shot by Aaron Ekblad.
11:59 of 3rd period - Goal by Aaron Ekblad - Flyers : 4 - Oilers : 2.
12:00 of 3rd period - Nathan MacKinnon wins face-off versus Bryan Rust in neutral zone.
12:16 of 3rd period - Seth Jones is hit by Nathan MacKinnon and loses puck.
12:33 of 3rd period - Slapshot by Jordan Martinook.
12:33 of 3rd period - Shot Blocked by Samuel Girard.
12:35 of 3rd period - Wrist shot by J.T. Compher.
12:35 of 3rd period - Deflect By Matthew Wood.
12:35 of 3rd period - Stopped by Adin Hill without a rebound.
12:36 of 3rd period - J.T. Compher wins face-off versus Nate Danielson in Oilers zone.
13:13 of 3rd period - Snap shot by Nathan MacKinnon.
13:13 of 3rd period - Shot Misses the Net.
13:15 of 3rd period - Snap shot by Ryan Suter.
13:15 of 3rd period - Stopped by Adin Hill without a rebound.
13:16 of 3rd period - Bryan Rust wins face-off versus Pierre-Luc Dubois in Oilers zone.
13:16 of 3rd period - Bryan Rust is hit by Jamie Oleksiak.
13:19 of 3rd period - Aaron Ekblad is hit by Pierre-Luc Dubois and loses puck.
13:24 of 3rd period - Conor Sheary is hit by Aaron Ekblad and loses puck.
13:37 of 3rd period - Pierre-Luc Dubois is hit by Kailer Yamamoto and loses puck.
13:54 of 3rd period - Wrist shot by Nate Danielson.
13:54 of 3rd period - Shot Blocked by Justin Holl.
13:56 of 3rd period - Wrist shot by Matthew Wood.
13:56 of 3rd period - Shot Misses the Net.
13:58 of 3rd period - Snap shot by Ryan McLeod.
13:58 of 3rd period - Stopped by Carter Hart with a rebound.
14:08 of 3rd period - Nathan MacKinnon is hit by Nicolas Deslauriers and loses puck.
14:15 of 3rd period - Snap shot by Nicolas Deslauriers.
14:15 of 3rd period - Stopped by Carter Hart with a rebound.
14:21 of 3rd period - Slapshot by Samuel Girard.
14:21 of 3rd period - Shot Misses the Net.
15:11 of 3rd period - Eric Robinson is hit by Bryan Rust and loses puck.
15:42 of 3rd period - Slapshot by Ryan McDonagh.
15:42 of 3rd period - Shot Blocked by Hampus Lindholm.
16:45 of 3rd period - Off-side.
16:46 of 3rd period - Brayden Yager wins face-off versus J.T. Compher in neutral zone.
16:53 of 3rd period - Snap shot by Seth Jones.
16:53 of 3rd period - Stopped by Carter Hart without a rebound.
16:54 of 3rd period - Brayden Yager wins face-off versus Jordan Martinook in Flyers zone.
16:58 of 3rd period - Minor Penalty to Jake Walman for Holding.
16:59 of 3rd period - Nate Danielson wins face-off versus J.T. Compher in Flyers zone.
17:05 of 3rd period - Slapshot by Nate Danielson.
17:05 of 3rd period - Shot Misses the Net.
18:46 of 3rd period - Jason Dickinson is hit by Ryan Suter and loses puck.
18:58 of 3rd period - Penalty to Jake Walman is over, Jake Walman is back on ice.
19:03 of 3rd period - Chris Kreider is hit by Oskar Sundqvist and loses puck.
19:52 of 3rd period - Craig Smith is hit by Aaron Ekblad and loses puck.
Goals for this period are 2 for Flyers vs 2 for Oilers.
Shots for this period are 6 for Flyers vs 10 for Oilers.